 Dungeon Crawl Stone Soup version 0.31-a0-263-ge8cad7f256 (webtiles) character file.

Game seed: 11964045279198419421

773 qw the Skirmisher (level 7, -9/60 HPs)
             Began as a Minotaur Hexslinger on July 13, 2023.
             Mangled by Pikel
             ... wielding a +1 whip of electrocution
              (10 damage)
             ... on level 5 of the Dungeon.
             The game lasted 00:01:21 (3660 turns).

qw the Skirmisher (Minotaur Hexslinger)             Turns: 3660, Time: 00:01:22

Health: -9/60      AC: 13    Str: 15    XL:     7   Next: 53%
Magic:  0/7        EV: 17    Int: 10    God:
Gold:   87         SH:  0    Dex: 18    Spells: 7/8 levels left

rFire   . . .        Y - +2 sling (flame)
rCold   . . .        (no shield)
rNeg    . . .        c - +8 ring mail "Nalaew" {Harm Str+3 Dex+3}
rPois   .            (helmet restricted)
rElec   .            (no cloak)
rCorr   .            (no gloves)
SInv    .            (no boots)
Will    .....        g - amulet of guardian spirit
Stlth   +            j - +5 ring of evasion
HPRegen 0.30/turn    (no ring)
MPRegen 0.10/turn

%: harm (+30% outgoing, +20% incoming), guardian spirit
@: about to teleport
A: horns 2, retaliatory headbutt
a: no special abilities


You were on level 5 of the Dungeon.
You visited 1 branch of the dungeon, and saw 5 of its levels.

You collected 191 gold pieces.
You spent 104 gold pieces at shops.


Innate Abilities, Weirdness & Mutations

You have a pair of horns on your head.
You reflexively headbutt those who attack you in melee.


   Skills:
 + Level 4.6 Fighting
 - Level 8.0 Ranged Weapons
 - Level 1.1 Armour
 - Level 3.3 Dodging
 - Level 1.0 Spellcasting
 - Level 2.0 Hexes


You had 7 spell levels left.
You knew the following spells:

 Your Spells              Type           Power      Damage    Failure   Level
a - Slow                  Hex            16%        N/A       30%         1

Your spell library contained the following spells:

 Spells                   Type           Power      Damage    Failure   Level
 Inner Flame              Hex/Fire       2%         N/A       80%         3
 Portal Projectile        Hex/Tloc       4%         N/A       80%         3
 Cause Fear               Hex            2%         N/A       96%         4

Inventory:

Hand Weapons
 Y - a +2 sling of flaming (weapon)
Armour
 c - the +8 ring mail "Nalaew" (worn) {Harm Str+3 Dex+3}
   (You found it on level 2 of the Dungeon)

   Str:       It affects your strength (+3).
   Dex:       It affects your dexterity (+3).
   Harm:      It increases damage dealt and taken.
Jewellery
 g - an amulet of guardian spirit (around neck)
 i - a ring of see invisible
 j - a +5 ring of evasion (left hand)
Wands
 f - a wand of digging (6)
Scrolls
 b - a scroll of identify
Potions
 a - a potion of mutation
 d - 2 potions of curing
 h - a potion of enlightenment
 k - 2 potions of might {unknown}

Dungeon Overview and Level Annotations

Branches:
Dungeon (5/15)
 Temple: D:4-7

Altars:
Cheibriados

Shops:
D:3 ?

Annotations:
D:5 Pikel


Message History

You furiously retaliate!
You headbutt the black bear!
The black bear claws you but does no damage.
The black bear closely misses you. The sleepcap closely misses you.
The lemure hits you but does no damage. Pikel completely misses you.
You furiously retaliate!
You headbutt Pikel! You shoot a sling bullet.
The sling bullet hits the black bear.
The sling bullet burns the black bear.
The black bear is heavily wounded.
The lemure hits you but does no damage.
The sleepcap releases spores at you but does no damage.
The black bear closely misses you. x2
The black bear claws you but does no damage.
Pikel hits you but does no damage.
You are electrocuted!
The lemure hits you.
3658 ||| READING scroll of teleportation.
As you read the scroll of teleportation, it crumbles to dust.
You feel strangely unstable. The lemure hits you but does no damage.
The sleepcap completely misses you. The black bear barely misses you.
The black bear claws you.
The black bear claws you but does no damage.
Pikel hits you with a +1 whip of electrocution.
The lemure hits you but does no damage.
You shoot a sling bullet.
The sling bullet closely misses the black bear.
The lemure misses you.
The black bear bites you but does no damage.
The black bear barely misses you. The black bear misses you.
The sleepcap releases spores at you but does no damage.
The lemure hits you. Pikel barely misses you.
You shoot a sling bullet.
The sling bullet hits the black bear but does no damage.
The black bear is heavily wounded.
Pikel says, "You'll make a fine lemure."
Pikel closely misses you. You furiously retaliate!
You headbutt Pikel! The lemure hits you but does no damage.
The sleepcap misses you. The lemure barely misses you.
The black bear bites you but does no damage.
The black bear claws you but does no damage.
The black bear misses you.
Pikel hits you with a +1 whip of electrocution!
You die...

## .#
#######.## #
##...#....###
#.#...........#
#.........$...#
......f55.....#
.....)K@.....#
##....h.....##
#.#...#...##
##..#...#
#......## ####
.....#.....####
##...
..............#
#....
..######.#..###
##...# .
#.##..###
#...##


You could see Pikel, a black bear, 2 lemures and a sleepcap.

Vanquished Creatures
  Grinder (D:5)
  An ogre (D:4)
  An ice beast (D:5)
  2 lemures (D:5)
  A phantom (D:4)
  A hound (D:4)
  An orc priest (D:4)
  2 iguanas (D:4)
  A river rat (D:4)
  9 adders
  An ufetubus (D:4)
  3 worms
  6 dart slugs
  12 orcs
  6 bats
  11 endoplasms
  2 giant cockroaches
  5 goblins
  6 hobgoblins
  8 quokkas
  6 ball pythons
  3 frilled lizards
  6 kobolds
  8 rats
103 creatures vanquished.

Notes
Turn   | Place    | Note
-------+----------+-------------------------------------------
     0 | D:1      | qw the Minotaur Hexslinger began the quest for the Orb.
     0 | D:1      | Reached XP level 1. HP: 16/16 MP: 1/1
     0 | D:1      | 0 ||| qw: Version: 0.3-a-52-g30416fa
     0 | D:1      | 0 ||| qw: Game counter: 7359
     0 | D:1      | 0 ||| qw: Melee chars always use a shield: true
     0 | D:1      | 0 ||| qw: God list: Okawaru
     0 | D:1      | 0 ||| qw: Allow faded altars: false
     0 | D:1      | 0 ||| qw: Do Orc after clearing Dungeon:15 true
     0 | D:1      | 0 ||| qw: Do second Lair branch before Depths: true
     0 | D:1      | 0 ||| qw: Lair rune preference: random
     0 | D:1      | 0 ||| qw: Goals: Normal
     0 | D:1      | 0 ||| PLANNING D:1-11
    81 | D:1      | Reached skill level 3 in Ranged Weapons
   199 | D:1      | Reached XP level 2. HP: 23/23 MP: 2/2
   212 | D:1      | HP: 6/24 [frilled lizard (1)]
   652 | D:1      | Reached XP level 3. HP: 29/29 MP: 3/3
   810 | D:1      | 810 ||| UPGRADING to +0 leather armour.
   820 | D:1      | 820 ||| DROPPING +0 robe.
   821 | D:1      | 821 ||| UPGRADING to +0 ring mail.
   831 | D:1      | 831 ||| DROPPING +0 leather armour.
   832 | D:1      | 832 ||| READING scroll labelled QEM HOKHOELACU.
   833 | D:1      | 833 ||| DRINKING 2 silvery potions.
   834 | D:1      | 834 ||| DROPPING scroll of poison.
   835 | D:1      | 835 ||| DROPPING potion of brilliance.
   918 | D:2      | Found a faded altar of an unknown god.
   932 | D:2      | Reached skill level 4 in Ranged Weapons
   939 | D:2      | Reached skill level 1 in Armour
  1144 | D:2      | Identified the +8 ring mail "Nalaew" {Harm Str+3 Dex+3}
  1181 | D:2      | Reached XP level 4. HP: 33/36 MP: 4/4
  1622 | D:2      | 1622 ||| UPGRADING to +8 ring mail "Nalaew" {Harm Str+3
                  | Dex+3}.
  1632 | D:2      | 1632 ||| DROPPING +0 ring mail.
  1633 | D:2      | 1633 ||| READING scroll labelled WICOGREPTU.
  1634 | D:2      | 1634 ||| READING scroll labelled DEUMAI QUIKEW.
  1635 | D:2      | 1635 ||| READING scroll labelled OXOATO SYINOKI.
  1636 | D:2      | 1636 ||| DRINKING 2 inky potions.
  1637 | D:2      | 1637 ||| DROPPING potion of attraction.
  1753 | D:3      | Found Recy Boo's Magic Scroll Emporium.
  1763 | D:3      | 1763 ||| BUYING scroll of brand weapon (104 gold).
  1763 | D:3      | Bought a scroll of brand weapon for 104 gold pieces
  1763 | D:3      | 1763 ||| SHOPLISTING scroll of brand weapon (104 gold, have
                  | 4).
  1763 | D:3      | 1763 ||| SHOPLISTING scroll of enchant armour (82 gold,
                  | have 4).
  1763 | D:3      | 1763 ||| SHOPLISTING scroll of enchant weapon (82 gold,
                  | have 4).
  1763 | D:3      | 1763 ||| SHOPLISTING scroll of identify (22 gold, have 4).
  1763 | D:3      | 1763 ||| SHOPLISTING scroll of teleportation (33 gold, have
                  | 4).
  1763 | D:3      | 1763 ||| READING scroll of brand weapon.
  1763 | D:3      | 1763 ||| BRANDING +2 sling.
  1814 | D:3      | Reached skill level 5 in Ranged Weapons
  2078 | D:3      | Reached XP level 5. HP: 44/44 MP: 5/5
  2242 | D:3      | 2242 ||| UPGRADING to amulet of guardian spirit.
  2247 | D:3      | 2247 ||| READING 3 scrolls labelled VITOCS FALU.
  2251 | D:3      | 2251 ||| DRINKING 2 coppery potions.
  2252 | D:3      | 2252 ||| DRINKING 2 brown potions.
  2253 | D:3      | 2253 ||| READING 2 scrolls of identify.
  2253 | D:3      | 2253 ||| IDENTIFYING blue potion
  2254 | D:3      | 2254 ||| DROPPING potion of degeneration.
  2281 | D:4      | Noticed an ogre
  2282 | D:4      | 2282 ||| PLANNING SEWER
  2287 | D:4      | Killed an ogre
  2348 | D:4      | Reached XP level 6. HP: 53/53 MP: 6/6
  2408 | D:4      | Reached skill level 6 in Ranged Weapons
  2416 | D:4      | HP: 11/53 [orc priest/nerve-wracking pain (6)]
  2417 | D:4      | 2417 ||| READING 2 scrolls of teleportation.
  2644 | D:4      | Found a snail-covered altar of Cheibriados.
  3002 | D:4      | 3002 ||| RIP SEWER
  3041 | D:4      | 3041 ||| PLANNING D:1-11
  3350 | D:4      | 3350 ||| Stepping ~*~*~tactically~*~*~ (water).
  3373 | D:4      | 3373 ||| Stepping ~*~*~tactically~*~*~ (water).
  3459 | D:4      | 3459 ||| UPGRADING to +5 ring of evasion.
  3460 | D:4      | 3460 ||| READING scroll labelled MUDOUF ZESH.
  3461 | D:4      | 3461 ||| READING 2 scrolls of identify.
  3461 | D:4      | 3461 ||| IDENTIFYING green potion
  3494 | D:5      | Entered Level 5 of the Dungeon
  3494 | D:5      | Noticed Grinder
  3497 | D:5      | Paralysed by Grinder for 5 turns
  3502 | D:5      | 3502 ||| STAIRDANCE
  3505 | D:4      | Reached skill level 7 in Ranged Weapons
  3579 | D:5      | Killed Grinder
  3580 | D:5      | Reached skill level 8 in Ranged Weapons
  3580 | D:5      | Reached XP level 7. HP: 60/60 MP: 7/7
  3607 | D:5      | Reached skill level 3 in Dodging
  3643 | D:5      | Noticed Pikel
  3657 | D:5      | HP: 9/60 [Pikel/+1 whip of electrocution (17)]
  3658 | D:5      | 3658 ||| READING scroll of teleportation.
  3658 | D:5      | HP: 1/60 [Pikel/+1 whip of electrocution (6)]
  3660 | D:5      | Mangled by Pikel

Levels and vault maps discovered:
D:1:      elethiomel_arrival_maze, layout_basic
D:2:      layout_basic, hellmonk_ecumenical_altar_pennies_from_heaven
D:3:      layout_basic, serial_shops, shop
D:4:      layout_basic, kennysheep_slug_shrine, gup_sewer_entry_spiral,
          minivault_4, chequers_jeans, st_stairs_8, minmay_checkerbox
D:5:      layout_rooms, hangedman_decor_lopped, nicolae_shop_clearance,
          uniq_pikel, uniq_grinder

Skill      XL: |  1  2  3  4  5  6  7 |
---------------+----------------------+-----
Ranged Weapons | 3 4 5 8 |  8.0
Fighting       | 2 4 |  4.6
Armour         | 1 |  1.1
Dodging        | 3 |  3.3
Spellcasting   | |  1.0
Hexes          | |  2.0

Action                     |  1- 3 |  4- 6 |  7- 9 || total
---------------------------+-------+-------+-------++-------
   Fire: Sling             |   120 |   154 |    22 ||   296
    Use: Scroll            |     1 |     9 |     1 ||    11
         Potion            |     1 |     3 |       ||     4
 Armour: Robe              |    15 |       |       ||    15
         Ring mail         |     9 |    22 |    20 ||    51
  Dodge: Dodged            |    41 |    21 |    34 ||    96

Table legend:
 A = Non-vault XP
 B = Vault XP
 C = Vault XP percentage of total XP
 D = Non-vault monster count
 E = Vault monster count
 F = Vault count percentage of total count
                 A         B        C        D         E       F
            +---------+---------+-------+---------+---------+-------
      Total |     743 |     362 |  32.8 |      89 |      12 |  11.9
            +---------+---------+-------+---------+---------+-------
        D:1 |      45 |       0 |   0.0 |      25 |       0 |   0.0
        D:2 |      73 |       0 |   0.0 |      20 |       0 |   0.0
        D:3 |      80 |       0 |   0.0 |      22 |       0 |   0.0
        D:4 |     421 |      90 |  17.6 |      21 |      11 |  34.4
        D:5 |     124 |     272 |  68.7 |       1 |       1 |  50.0
            +---------+---------+-------+---------+---------+-------
